 Dungeon Crawl Stone Soup version 0.21.0-25-ge575cb9 (webtiles) character file.

11697 JeffiDaFish the Cleaver (level 11, -5/97 HPs)
             Began as a Minotaur Fighter on Jan 25, 2018.
             Was a High Priest of Okawaru.
             Killed from afar by an electric eel (12 damage)
             ... with a bolt of electricity
             ... on level 10 of the Dungeon.
             The game lasted 00:25:04 (10059 turns).

JeffiDaFish the Cleaver (Minotaur Fighter)         Turns: 10059, Time: 00:25:04

Health: -5/97      AC: 23    Str: 32      XL:     11   Next: 52%
Magic:  10/10      EV: 13    Int:  5      God:    Okawaru [*****.]
Gold:   1405       SH: 14    Dex: 13 (14) Spells: 10/10 levels left

rFire    . . .     SeeInvis .   a - +0 war axe
rCold    . . .     Gourm    .   c - +1 shield
rNeg     . . .     Faith    .   h - +4 chain mail
rPois    .         Spirit   .   (helmet restricted)
rElec    .         Reflect  .   k - +0 cloak
rCorr    .         Harm     .   t - +2 pair of gloves {Str+3}
MR       .....                  b - +0 pair of boots
Stlth    ..........             (no amulet)
HPRegen  0.26/turn              o - +4 ring of strength
MPRegen  0.12/turn              g - +5 ring of strength

@: no status effects
A: retaliatory headbutt, claws 1, horns 2, thin metallic scales 1, sense
surroundings 1
a: Heroism, Finesse, Renounce Religion


You were on level 10 of the Dungeon.
You worshipped Okawaru.
Okawaru was extremely pleased with you.
You were very hungry.

You visited 2 branches of the dungeon, and saw 11 of its levels.
You also visited: Bailey.

You collected 1405 gold pieces.

Inventory:

Hand Weapons
 a - a +0 war axe (weapon)
Missiles
 p - 41 tomahawks of returning (quivered)
Armour
 b - a +0 pair of boots (worn)
 c - a +1 shield (worn)
 h - a +4 chain mail (worn)
 k - a +0 cloak (worn)
 t - a +2 pair of gloves of strength (worn)
Jewellery
 g - a +5 ring of strength (right hand)
 o - a +4 ring of strength (left hand)
 r - an uncursed ring of positive energy
Wands
 e - a wand of iceblast (24)
Scrolls
 l - 7 scrolls of identify
 m - 5 scrolls of teleportation
 q - 2 scrolls of remove curse
Potions
 d - 2 potions of might
 i - 2 potions of haste
 j - a potion of curing
 s - a potion of resistance
Comestibles
 f - 22 rations


   Skills:
 + Level 9.5 Fighting
 - Level 12.0 Axes
 + Level 9.5 Armour
 * Level 8.6 Dodging
 - Level 0.2 Stealth
 + Level 10.6 Shields
 - Level 0.1 Evocations


You had 10 spell levels left.
You didn't know any spells.

Dungeon Overview and Level Annotations

Branches:
Dungeon (10/15)            Temple (1/1) D:7             Orc (0/2) D:10
   Lair: D:8-11

Altars:
Dithmenos
Elyvilon
Fedhas
Kikubaaqudgha
Nemelex Xobeh
Okawaru
Ru
Trog
Uskayaw
Xom

Shops:
D:4 :


Innate Abilities, Weirdness & Mutations

You reflexively headbutt those who attack you in melee.
You have a pair of horns on your head.
You have sharp fingernails.
You are partially covered in thin metallic scales. (AC +2)
You passively map a small area around you.


Message History

You feel much better.
The electric eel shoots out a bolt of lightning at you!
The bolt of electricity hits you!
* * * LOW HITPOINT WARNING * * *
The electric eel shoots out a bolt of lightning at you!
The bolt of electricity hits you!
* * * LOW HITPOINT WARNING * * *
You feel better.
The electric eel shoots out a bolt of lightning at you!
The bolt of electricity hits you!
* * * LOW HITPOINT WARNING * * *
The electric eel shoots out a bolt of lightning at you!
The bolt of electricity hits you!
* * * LOW HITPOINT WARNING * * *
You hit the electric eel. You headbutt the electric eel!
The electric eel is heavily wounded.
You completely miss the electric eel.
The electric eel shoots out a bolt of lightning at you!
The bolt of electricity hits you!
You die...

##≈####..≈##### ##.## #.# ###
#.##..'##≈≈≈..## #.># #.# ..#
#.#.....#####..# #### #.# #.#
#.#.....##..'#### #.#
#.#####≈#PP.P≈#.....#.####### #.#
......#)#≈.≈.≈#.....#.......###.#
#.#####≈#[....#...≈P#.#####.##...
..# #≈#≈≈.≈≈#≈≈≈P:#.# #.#.... ###
#≈##≈≈≈##!@..?#.# #.##... #
##≈######;;≈≈≈#.# #...!..
###....≈##≈≈≈##.# #####.#
#.######≈#####..# #.# #.#
##≈)..'(.# ##'# # #.# ######.##
##... ## #.# #.## ##.... .##
##.## #..## ##.....
..####...###########...####......


You could see 2 electric eels.

Vanquished Creatures
  Erolcha (D:10)
  2 two-headed ogres
  An orc knight (Bailey)
  Joseph (D:8)
  A freezing wraith (D:10)
  A tengu conjurer (D:9)
  A troll (D:9)
  3 slime creatures (D:10)
  Grinder (D:3)
  3 hippogriffs
  A spriggan (D:7)
  6 yaks (D:9)
  A wyvern (D:7)
  A hungry ghost (D:10)
  2 ice beasts
  A water moccasin (D:9)
  7 orc warriors
  4 sky beasts
  An eye of draining (D:10)
  A black bear (D:7)
  4 phantoms
  5 centaurs
  5 ogres
  A necrophage (D:10)
  A crocodile (D:9)
  A big kobold (D:7)
  Blork the orc (D:4)
  A wyvern zombie (D:9)
  7 bullfrogs
  A wyvern skeleton (D:6)
  A scorpion (D:6)
  6 killer bees (D:7)
  4 electric eels (D:10)
  5 wights (D:10)
  2 howler monkeys (D:4)
  4 crimson imps
  A centaur zombie (D:8)
  2 quasits
  A bullfrog skeleton (D:10)
  A jelly (D:7)
  5 hounds
  6 orc priests
  Jessica (D:3)
  7 orc wizards
  Crazy Yiuf (D:2)
  Natasha (thrice) (D:2)
  3 iguanas
  6 worker ants
  A howler monkey skeleton (D:8)
  Robin (D:3)
  2 gnolls (Bailey)
  12 adders
  A shadow imp (D:8)
  An ooze (D:1)
  2 adder skeletons
  2 worms
  4 dart slugs
  3 leopard geckos
  33 orcs
  2 giant cockroaches
  33 goblins
  7 hobgoblins
  14 jackals
  4 quokkas
  A ball python (D:2)
  11 bats
  7 frilled lizards
  27 kobolds
  A leopard gecko skeleton (D:7)
  A quokka zombie (D:6)
  4 rats
  A bush (D:2)
  2 fungi (D:2)
  A plant (D:10)
304 creatures vanquished.

Vanquished Creatures (others)
  A plant (D:10)
1 creature vanquished.

Grand Total: 305 creatures vanquished

Notes
Turn   | Place    | Note
-------+----------+-------------------------------------------
     0 | D:1      | JeffiDaFish the Minotaur Fighter began the quest for the Orb.
     0 | D:1      | Reached XP level 1. HP: 19/19 MP: 0/0
   157 | D:1      | Reached XP level 2. HP: 27/27 MP: 1/1
   449 | D:2      | Reached XP level 3. HP: 28/34 MP: 2/2
   464 | D:2      | Noticed Natasha
   467 | D:2      | Killed Natasha
   543 | D:2      | Reached skill level 3 in Axes
   543 | D:2      | Reached XP level 4. HP: 35/41 MP: 3/3
   612 | D:2      | Noticed Natasha
   621 | D:2      | Killed Natasha
   621 | D:2      | Reached skill level 1 in Dodging
   777 | D:2      | Found a runed door.
   781 | D:2      | Noticed Crazy Yiuf
   785 | D:2      | Killed Crazy Yiuf
  1033 | D:2      | Reached XP level 5. HP: 47/47 MP: 4/4
  1270 | D:2      | Noticed Natasha
  1284 | D:2      | Killed Natasha
  1284 | D:2      | Reached skill level 4 in Axes
  1492 | D:3      | Noticed Jessica
  1499 | D:3      | Killed Jessica
  1613 | D:3      | Found a shimmering altar of Xom.
  1615 | D:3      | Found a shimmering altar of Xom.
  1617 | D:3      | Found a shimmering altar of Xom.
  1617 | D:3      | Found a shimmering altar of Xom.
  1619 | D:3      | Noticed Robin
  1629 | D:3      | Found a shimmering altar of Xom.
  1637 | D:3      | Killed Robin
  1804 | D:3      | Found a shimmering altar of Xom.
  1807 | D:3      | Found a shimmering altar of Xom.
  1918 | D:3      | Reached XP level 6. HP: 55/55 MP: 5/5
  2022 | D:3      | Reached skill level 5 in Axes
  2032 | D:3      | Gained mutation: You have sharp fingernails. [potion of mutation]
  2032 | D:3      | Gained mutation: You are partially covered in thin metallic scales. (AC +2) [potion of mutation]
  2032 | D:3      | Gained mutation: You passively map a small area around you. [potion of mutation]
  2163 | D:3      | Noticed Grinder
  2165 | D:3      | Paralysed by Grinder for 4 turns
  2177 | D:3      | Killed Grinder
  2177 | D:3      | Reached skill level 5 in Fighting
  2177 | D:3      | Reached skill level 6 in Axes
  2177 | D:3      | Reached skill level 5 in Shields
  2177 | D:3      | Reached XP level 7. HP: 61/61 MP: 6/6
  2568 | D:4      | Found Rani's Book Shoppe.
  2596 | D:4      | Reached skill level 5 in Armour
  2604 | D:4      | Noticed Blork the orc
  2615 | D:4      | Killed Blork the orc
  2615 | D:4      | Reached skill level 7 in Axes
  3065 | D:5      | Entered Level 5 of the Dungeon
  3073 | D:5      | Reached XP level 8. HP: 61/69 MP: 7/7
  3450 | D:5      | Reached skill level 8 in Axes
  3887 | D:6      | Reached skill level 9 in Axes
  3961 | D:6      | Found the ring of the Mage {Wiz MR++ Int+3}
  4265 | D:6      | Reached XP level 9. HP: 58/78 MP: 8/8
  4463 | D:7      | Reached skill level 10 in Axes
  5144 | D:7      | Reached skill level 11 in Axes
  5178 | D:7      | Found a staircase to the Ecumenical Temple.
  5188 | Temple   | Entered the Ecumenical Temple
  5203 | Temple   | Became a worshipper of Warmaster Okawaru
  5436 | D:7      | Found a sparkling altar of Nemelex Xobeh.
  5615 | D:8      | Found a flagged portal.
  5637 | Bailey   | Entered a bailey
  5650 | Bailey   | Noticed an orc knight
  5726 | Bailey   | Reached XP level 10. HP: 75/86 MP: 9/9
  5743 | Bailey   | Reached * piety under Okawaru
  5777 | Bailey   | Killed an orc knight
  6357 | D:8      | Reached skill level 12 in Axes
  6683 | D:8      | Noticed Joseph
  6702 | D:8      | Killed Joseph
  6702 | D:8      | Reached ** piety under Okawaru
  6968 | D:8      | Found a bloodstained altar of Trog.
  7056 | D:9      | Found a shadowy altar of Dithmenos.
  7063 | D:9      | Reached skill level 5 in Dodging
  7278 | D:9      | Reached *** piety under Okawaru
  7493 | D:9      | Noticed a two-headed ogre
  7501 | D:9      | Killed a two-headed ogre
  7501 | D:9      | Reached **** piety under Okawaru
  7501 | D:9      | Reached skill level 10 in Shields
  7501 | D:9      | Reached XP level 11. HP: 94/95 MP: 10/10
  7743 | D:10     | Entered Level 10 of the Dungeon
  7920 | D:10     | Noticed Erolcha
  7926 | D:10     | Paralysed by Erolcha for 6 turns
  7932 | D:10     | Killed Erolcha
  8004 | D:10     | Found an iron altar of Okawaru.
  8015 | D:10     | Found a staircase to the Orcish Mines.
  8482 | D:10     | Noticed a two-headed ogre
  8489 | D:10     | Killed a two-headed ogre
  8489 | D:10     | Reached ***** piety under Okawaru
 10056 | D:10     | HP: 4/97 [electric eel/bolt of electricity (10)]
 10059 | D:10     | Killed from afar by an electric eel

Skill      XL: |  1  2  3  4  5  6  7  8  9 10 11 |
---------------+----------------------------------+-----
Fighting       | 4 5 6 7 8 9 |  9.5
Armour         | 4 5 6 7 8 9 |  9.5
Shields        | 4 5 6 7 8 10 | 10.6
Axes           | 3 4 6 7 9 11 12 | 12.0
Dodging        | 1 2 3 4 6 8 |  8.6
Stealth        | |  0.2
Evocations     | |  0.1

Action                   |  1- 3 |  4- 6 |  7- 9 | 10-12 || total
-------------------------+-------+-------+-------+-------++-------
Melee: War axe           |    64 |   209 |   291 |   338 ||   902
       Headbutt          |    10 |    44 |    76 |    98 ||   228
Throw: Tomahawk          |       |       |       |     4 ||     4
 Abil: Evoke Flight      |       |       |     1 |     2 ||     3
  Use: Potion            |     5 |     3 |     1 |     5 ||    14
       Scroll            |     3 |     4 |    10 |     5 ||    22
  Eat: Chunk             |       |     5 |    11 |    11 ||    27
       Ration            |       |       |       |     1 ||     1
Armor: Scale mail        |     9 |       |       |       ||     9
       Chain mail        |    31 |    89 |   147 |    99 ||   366
       Skin              |       |       |       |     2 ||     2
Dodge: Dodged            |    14 |    52 |    89 |    94 ||   249
Block: Shield            |    48 |   112 |   200 |   204 ||   564
